 Dungeon Crawl Stone Soup version 0.22.0-38-g04b72b8 (webtiles) character file.

2638 Greyaxe the Cleaver (level 9, -3/77 HPs)
             Began as a Minotaur Fighter on Aug 29, 2018.
             Was a Believer of Qazlal.
             Slain by an ice beast (4 damage)
             ... on level 7 of the Dungeon.
             The game lasted 00:22:53 (6389 turns).

Greyaxe the Cleaver (Minotaur Fighter)              Turns: 6389, Time: 00:22:54

Health: -3/77      AC: 10    Str: 22    XL:     9   Next: 35%
Magic:  8/8        EV:  8    Int:  6    God:    Qazlal [**....]
Gold:   228        SH:  2    Dex: 11    Spells: 8/8 levels left

rFire    + . .     SeeInvis .   y - +5 battleaxe
rCold    + . .     Gourm    .   (shield currently unavailable)
rNeg     . . .     Faith    .   e - +1 chain mail
rPois    +         Spirit   .   (helmet restricted)
rElec    +         Reflect  .   (no cloak)
rCorr    +         Harm     .   (no gloves)
MR       .....                  (no boots)
Stlth    ..........             (no amulet)
HPRegen  0.22/turn              (no ring)
MPRegen  0.11/turn              (no ring)

@: resistant, heavily drained
A: retaliatory headbutt, horns 2, evolution 1, MP-powered wands
a: Upheaval, Renounce Religion


You were on level 7 of the Dungeon.
You worshipped Qazlal.
Qazlal was pleased with you.
You were not hungry.

You visited 2 branches of the dungeon, and saw 8 of its levels.

You collected 228 gold pieces.

Inventory:

Hand Weapons
 a - a +1 war axe
 y - a +5 battleaxe (weapon)
 A - a +2 war axe of chopping
Missiles
 j - 32 bolts
 q - 101 arrows
 r - a throwing net (quivered)
 u - 20 tomahawks
 w - 2 poisoned javelins
Armour
 b - a +0 scale mail
 c - a +0 shield
 e - a +1 chain mail (worn)
 i - a +0 robe
Jewellery
 p - a +4 ring of intelligence {unknown}
 t - an uncursed amulet of regeneration {unknown}
Scrolls
 l - 7 scrolls of identify
 n - 4 scrolls of teleportation
Potions
 d - 3 potions of might
 g - 2 potions of brilliance
 h - a potion of invisibility
 m - a potion of ambrosia
Comestibles
 f - 10 rations


   Skills:
 + Level 6.3(4.2) Fighting
 + Level 10.9(8.5) Axes
 + Level 7.4(5.2) Armour
 + Level 1.6(0.0) Dodging
 + Level 0.6(0.0) Stealth
 + Level 7.5(5.3) Shields
   Level 0.1(0.0) Evocations


You had 8 spell levels left.
You didn't know any spells.
Your spell library was empty.

Dungeon Overview and Level Annotations

Branches:
Dungeon (7/15)             Temple (1/1) D:5

Altars:
Cheibriados
Elyvilon
Fedhas
Gozag
Hepliaklqana
Kikubaaqudgha
Makhleb
Nemelex Xobeh
Okawaru
Qazlal
Ru
Sif Muna
Trog
Uskayaw
Vehumet
Wu Jian
Xom
Zin
The Shining One


Innate Abilities, Weirdness & Mutations

You reflexively headbutt those who attack you in melee.
You have a pair of horns on your head.
You evolve.
You expend magic power (3 MP) to strengthen your wands.


Message History

You feel nature experimenting on you.
Don't worry, failures die fast.
You feel your magical essence link to your wands.
A gnoll comes into view. It is wielding a spear.
You aren't carrying any items that you can evoke.
The gnoll hits you from afar with a halberd.
* * * LOW HITPOINT WARNING * * *
You see here a trident.
Items here: )) [ † a dagger; a robe; a short sword; an orc corpse You recover from your berserk rage.
Found a robe.
You see here 26 stones.
The gnoll completely misses you.
The gnoll hits you from afar with a halberd!
* * * LOW HITPOINT WARNING * * *
An ice beast comes into view.
The ice beast hits you.
* * * LOW HITPOINT WARNING * * *
The ice beast freezes you. You resist.
You die...

#####
#########...#
......Y@..#.#
#########...#
##g## #.# #g#
#.# #g# #g#
######.##


You could see an ice beast and a gnoll.

Vanquished Creatures
  A hippogriff (D:7)
  Edmund (D:4)
  Duvessa (D:5)
  An ogre (D:4)
  2 centaurs
  4 bullfrogs
  Dowan (D:5)
  2 scorpions (D:5)
  9 wights
  2 crimson imps
  A bullfrog zombie (D:6)
  A centaur zombie (D:5)
  4 hounds
  Crazy Yiuf (D:2)
  3 orc priests
  2 bullfrog skeletons (D:4)
  Ijyb (D:4)
  Jessica (D:2)
  8 orc wizards
  Natasha (thrice) (D:2)
  7 worker ants
  Robin (D:3)
  10 adders
  A shadow imp (D:7)
  2 adder skeletons
  4 worms
  2 dart slugs (D:1)
  5 leopard geckos
  25 orcs
  7 giant cockroaches
  14 goblins
  14 hobgoblins
  16 jackals
  3 quokkas
  4 ball pythons
  2 bats (D:1)
  7 frilled lizards
  A jackal skeleton (D:4)
  12 kobolds
  9 rats
195 creatures vanquished.

Notes
Turn   | Place    | Note
-------+----------+-------------------------------------------
     0 | D:1      | Greyaxe the Minotaur Fighter began the quest for the Orb.
     0 | D:1      | Reached XP level 1. HP: 19/19 MP: 0/0
   291 | D:1      | Reached XP level 2. HP: 20/27 MP: 1/1
   930 | D:2      | Reached XP level 3. HP: 33/33 MP: 2/2
  1136 | D:2      | Reached skill level 3 in Axes
  1136 | D:2      | Noticed Jessica
  1153 | D:2      | Killed Jessica
  1153 | D:2      | Reached XP level 4. HP: 31/40 MP: 3/3
  1525 | D:2      | Noticed Natasha
  1535 | D:2      | Killed Natasha
  1636 | D:2      | Reached skill level 4 in Axes
  1679 | D:2      | Reached skill level 5 in Armour
  1751 | D:2      | Found a runed door.
  1755 | D:2      | Noticed Crazy Yiuf
  1758 | D:2      | Killed Crazy Yiuf
  1758 | D:2      | Reached XP level 5. HP: 45/46 MP: 4/4
  1902 | D:2      | Noticed Natasha
  1906 | D:2      | Killed Natasha
  1923 | D:2      | Noticed Natasha
  1938 | D:2      | Killed Natasha
  2241 | D:3      | Reached skill level 5 in Axes
  2241 | D:3      | Reached XP level 6. HP: 50/53 MP: 5/5
  2271 | D:3      | Noticed Robin
  2283 | D:3      | Killed Robin
  2612 | D:4      | Noticed Ijyb
  2615 | D:4      | Found an ornate altar of the Wu Jian Council.
  2646 | D:4      | Killed Ijyb
  2802 | D:4      | Reached skill level 1 in Dodging
  2823 | D:4      | Reached skill level 6 in Axes
  2841 | D:4      | Noticed Edmund
  2857 | D:4      | Reached skill level 5 in Shields
  2858 | D:4      | Killed Edmund
  2858 | D:4      | Reached XP level 7. HP: 53/60 MP: 6/6
  2928 | D:4      | Found a sacrificial altar of Ru.
  3135 | D:4      | Reached skill level 7 in Axes
  3232 | D:4      | Reached skill level 5 in Fighting
  4006 | D:5      | Entered Level 5 of the Dungeon
  4006 | D:5      | Found a staircase to the Ecumenical Temple.
  4043 | Temple   | Entered the Ecumenical Temple
  4258 | Temple   | Became a worshipper of Qazlal Stormbringer
  4436 | D:5      | Reached skill level 8 in Axes
  4662 | D:5      | Reached XP level 8. HP: 49/68 MP: 7/7
  5039 | D:5      | Noticed Duvessa
  5039 | D:5      | Noticed Dowan
  5049 | D:5      | Killed Duvessa
  5055 | D:5      | Killed Dowan
  5055 | D:5      | Reached skill level 9 in Axes
  5360 | D:6      | Reached * piety under Qazlal
  5553 | D:6      | Found a sparkling altar of Nemelex Xobeh.
  5760 | D:6      | Reached XP level 9. HP: 75/75 MP: 8/8
  6163 | D:7      | Reached skill level 10 in Axes
  6191 | D:7      | Reached ** piety under Qazlal
  6350 | D:7      | Gained mutation: You evolve. [potion of mutation]
  6350 | D:7      | Gained mutation: You expend magic power (3 MP) to strengthen your wands. [potion of mutation]
  6374 | D:7      | HP: 2/77 [gnoll/halberd (9)]
  6389 | D:7      | HP: 1/77 [ice beast (4)]
  6389 | D:7      | Slain by an ice beast

Skill      XL: |  1  2  3  4  5  6  7  8  9 |
---------------+----------------------------+-----
Shields        | 4 5 7 |  7.5
Armour         | 4 5 6 7 |  7.4
Fighting       | 4 5 6 |  6.3
Axes           | 3 4 5 6 8 9 10 | 10.9
Dodging        | 1 |  1.6
Stealth        | |  0.6
Evocations     | |  0.1

Action                   |  1- 3 |  4- 6 |  7- 9 || total
-------------------------+-------+-------+-------++-------
Melee: War axe           |    62 |   148 |   195 ||   405
       Headbutt          |     9 |    27 |    51 ||    87
       Battleaxe         |       |       |    49 ||    49
Evoke: Wand              |       |       |     6 ||     6
  Use: Scroll            |     6 |     3 |     3 ||    12
       Potion            |       |       |    11 ||    11
 Stab: Paralysed         |       |       |     1 ||     1
  Eat: Ration            |     1 |     1 |     3 ||     5
       Chunk             |       |     1 |       ||     1
Armor: Scale mail        |     7 |       |       ||     7
       Chain mail        |    30 |   106 |   108 ||   244
Dodge: Dodged            |    15 |    42 |    70 ||   127
Block: Shield            |    40 |    97 |   107 ||   244
       Other             |       |       |     3 ||     3
